 Dungeon Crawl Stone Soup version 0.17-a0-1450-g7e755d1 (webtiles) character file.

179469 magipi the Spear-Bearer (level 17, -10/106 HPs)
             Began as a Tengu Fire Elementalist on June 29, 2015.
             Was the Champion of Makhleb.
             Mangled by a vault warden
             ... wielding a +0 war axe of electrocution
              (28 damage)
             ... on level 1 of the Vaults on June 30, 2015.
             The game lasted 04:37:13 (43826 turns).

magipi the Spear-Bearer (Tengu Fire Elementalist)  Turns: 43826, Time: 04:37:14

Health: -10/106    AC: 11    Str:  9    XL:     17   Next: 90%
Magic:  15/26      EV: 28    Int: 26    God:    Makhleb [******]
Gold:   820        SH:  0    Dex: 19    Spells: 6 memorised, 3 levels left

rFire  + + .     SeeInvis +     a - +9 demon trident "Qusaxt" {pain, rElec rF+ SInv}
rCold  + + .     Clarity  .     d - +2 robe {rC+ rF+}
rNeg   . . .     SustAt   .     (no shield)
rPois  +         Gourm    .     V - +2 hat
rElec  +         Spirit   .     T - +0 cloak "Xidionunuc" {Int+4}
rCorr  .         Warding  .     w - +2 pair of gloves "Nemn" {Int+2}
rMut   .         Stasis   .     (boots unavailable)
MR     +....                    B - amulet of regeneration
Stlth  ++++......               c - ring of protection from cold
                                p - ring of poison resistance

@: about to teleport, marked, flying quickly and evasively, quick, somewhat
resistant to hostile enchantments, stealthy
A: beak, talons 3, thin skeletal structure 1, able to fly 2
a: Stop Flying, Minor Destruction, Lesser Servant of Makhleb, Major Destruction,
Greater Servant of Makhleb, Renounce Religion
}: 1/15 runes: gossamer


You were on level 1 of the Vaults.
You worshipped Makhleb.
Makhleb was exalted by your worship.
You were near starving.

You visited 7 branches of the dungeon, and saw 37 of its levels.
You also visited: Labyrinth and Ice Cave.

You collected 3184 gold pieces.
You spent 2364 gold pieces at shops.

Notes
Turn   | Place    | Note
--------------------------------------------------------------
     0 | D:1      | magipi the Tengu Fire Elementalist began the quest for the Orb.
     0 | D:1      | Reached XP level 1. HP: 10/10 MP: 4/4
   130 | D:1      | Reached XP level 2. HP: 13/15 MP: 3/6
   840 | D:1      | Reached XP level 3. HP: 19/19 MP: 5/7
  1165 | D:1      | Reached skill level 4 in Fire Magic
  1361 | D:2      | Found an iron altar of Okawaru.
  1364 | D:2      | Found a radiant altar of Vehumet.
  1364 | D:2      | Found a shimmering altar of Xom.
  1563 | D:2      | Found a burning altar of Makhleb.
  1712 | D:2      | Learned a level 3 spell: Conjure Flame
  1846 | D:2      | Reached XP level 4. HP: 24/24 MP: 5/8
  2628 | D:3      | Noticed a phantom
  2756 | D:3      | Killed a phantom
  2756 | D:3      | Reached skill level 5 in Fire Magic
  2756 | D:3      | Gained mutation: You can fly. [Tengu growth]
  2756 | D:3      | Reached XP level 5. HP: 10/28 MP: 0/9
  2844 | D:3      | Learned a level 4 spell: Sticky Flame
  2975 | D:3      | Reached skill level 5 in Conjurations
  3577 | D:3      | Reached XP level 6. HP: 32/32 MP: 5/10
  3720 | D:3      | Noticed Ijyb
  3746 | D:3      | Killed Ijyb
  4203 | D:4      | Reached skill level 6 in Conjurations
  4420 | D:4      | Found an opulent altar of Gozag.
  4649 | D:4      | Reached skill level 7 in Fighting
  4649 | D:4      | Reached skill level 11 in Dodging
  4649 | D:4      | Reached XP level 7. HP: 34/48 MP: 11/11
  5113 | D:4      | Reached XP level 8. HP: 53/53 MP: 3/12
  5310 | D:4      | Found a basalt altar of Yredelemnul.
  5840 | D:5      | Entered Level 5 of the Dungeon
  5867 | D:5      | Noticed magipi's ghost (weakling TeFE)
  6840 | D:6      | Found a stormy altar of Qazlal.
  7154 | D:6      | Found a deep blue altar of Sif Muna.
  7747 | D:6      | Got a pair of bloodstained gloves
  7758 | D:6      | Identified the +2 pair of gloves "Nemn" {Int+2} (You found it on level 6 of the Dungeon)
  8171 | D:6      | Reached XP level 9. HP: 39/57 MP: 3/13
  8375 | D:6      | Found a staircase to the Ecumenical Temple.
  8384 | Temple   | Entered the Ecumenical Temple
  8631 | D:2      | Became a worshipper of Makhleb the Destroyer
  8736 | D:7      | Noticed Ajdolov's ghost (experienced TrMo)
  9290 | D:6      | Acquired Makhleb's first power
  9380 | D:7      | Found a staircase to the Ecumenical Temple.
  9396 | D:7      | Noticed Menkaure
  9402 | D:7      | Killed Menkaure
 10297 | D:8      | Acquired Makhleb's second power
 10379 | D:8      | Reached XP level 10. HP: 64/64 MP: 6/14
 10539 | D:8      | Found a deep blue altar of Sif Muna.
 11694 | D:9      | Acquired Makhleb's third power
 11748 | D:9      | Found a staircase to the Orcish Mines.
 12093 | D:9      | Found a shadowy altar of Dithmenos.
 12652 | D:10     | Entered Level 10 of the Dungeon
 12769 | D:10     | Noticed a brown ugly thing
 12790 | D:10     | Killed a brown ugly thing
 12790 | D:10     | Reached skill level 10 in Fighting
 12790 | D:10     | Reached skill level 1 in Polearms
 12993 | D:10     | Found a staircase to the Lair.
 13306 | Lair:1   | Entered Level 1 of the Lair of Beasts
 13601 | Lair:1   | Found a frozen archway.
 13605 | Lair:1   | Acquired Makhleb's fourth power
 13730 | IceCv    | Entered an ice cave
 13756 | IceCv    | Reached XP level 11. HP: 62/72 MP: 9/15
 13833 | D:10     | Reached skill level 5 in Polearms
 16185 | Lair:3   | Acquired Makhleb's fifth power
 16226 | Lair:3   | Found a staircase to the Shoals.
 16430 | Lair:3   | Found a labyrinth entrance.
 16446 | Lab      | Entered a labyrinth
 17324 | Lab      | Reached skill level 10 in Polearms
 17702 | Lab      | Noticed a minotaur
 17713 | Lab      | Killed a minotaur
 17713 | Lab      | Reached skill level 1 in Invocations
 17713 | Lab      | Reached skill level 1 in Evocations
 17859 | Lab      | Identified the Guide on the Oath
 17869 | Lab      | Got a crude robe
 17869 | Lab      | Got a transparent chain mail
 17929 | Lair:3   | Identified the cursed +0 robe of Trial and Error {MP+9} (You found it in a labyrinth)
 17940 | Lair:3   | Identified the +1 chain mail of Zonk {rC+ SInv} (You found it in a labyrinth)
 17964 | Lair:3   | Reached XP level 12. HP: 77/77 MP: 11/16
 18210 | Lair:3   | Noticed an eight-headed hydra
 18221 | Lair:3   | Killed an eight-headed hydra
 19148 | Lair:4   | Reached skill level 5 in Evocations
 19392 | Lair:5   | Noticed a death yak
 19658 | Lair:5   | Reached skill level 5 in Invocations
 19797 | Lair:5   | Noticed a death yak
 19798 | Lair:5   | Noticed a death yak
 19853 | Lair:5   | Killed a death yak
 19943 | Lair:5   | Noticed a six-headed hydra
 19958 | Lair:5   | Killed a six-headed hydra
 20067 | Lair:5   | Noticed a death yak
 20068 | Lair:5   | Noticed a death yak
 20418 | Lair:6   | Learned a level 5 spell: Fireball
 20422 | Lair:6   | Found a hole to the Spider Nest.
 20631 | Lair:6   | Noticed a six-headed hydra
 20637 | Lair:6   | Killed a six-headed hydra
 20774 | Lair:6   | Reached XP level 13. HP: 76/82 MP: 19/19
 20949 | Lair:6   | Found a staircase to the Swamp.
 22132 | Lair:7   | Noticed Josephine
 22161 | Lair:7   | Killed Josephine
 22387 | Lair:8   | Entered Level 8 of the Lair of Beasts
 22903 | Lair:8   | Reached skill level 10 in Invocations
 23119 | Lair:8   | Reached skill level 10 in Evocations
 23119 | Lair:8   | Gained mutation: You can fly continuously. [Tengu growth]
 23119 | Lair:8   | Reached XP level 14. HP: 61/88 MP: 7/22
 23229 | Lair:8   | Got a vibrating steel ring
 23231 | Lair:8   | Identified the ring of Xehym {+/*Tele MP+9} (You found it on level 8 of the Lair of Beasts)
 23392 | Lair:8   | Found a viscous altar of Jiyva.
 23393 | Lair:8   | Found a staircase to the Slime Pits.
 24826 | Lair:7   | Identified a scroll of acquirement
 24830 | Lair:7   | Got an iridescent quick blade
 24831 | Lair:7   | Identified the +1 quick blade of Wazeigung {freeze, rPois} (You acquired it on level 7 of the Lair of Beasts)
 24902 | Lair:5   | Noticed a death yak
 24916 | Lair:5   | Killed a death yak
 24923 | Lair:5   | Killed a death yak
 24929 | Lair:5   | Killed a death yak
 24938 | Lair:5   | Killed a death yak
 24942 | Lair:5   | Killed a death yak
 25288 | Orc:1    | Entered Level 1 of the Orcish Mines
 25396 | Orc:1    | Found Nedghi's Armour Shop.
 25415 | Orc:1    | Bought the cursed +0 cloak "Xidionunuc" {Int+4} for 236 gold pieces
 25442 | Orc:1    | Found Cetangug's Antique Armour Boutique.
 25618 | Orc:2    | Found Kesh's Jewellery Boutique.
 25630 | Orc:2    | Bought an uncursed ring of see invisible for 195 gold pieces
 25870 | Orc:1    | Found Sunie's Food Shop.
 26056 | Orc:1    | Found Lunnidoq's Antique Armour Emporium.
 26074 | Orc:1    | Bought a scorched ring mail for 207 gold pieces
 26074 | Orc:1    | Bought an embroidered hat for 92 gold pieces
 26089 | Orc:1    | Identified the +0 ring mail of Comatwugg {rElec Int+4} (You bought it in a shop on level 1 of the Orcish Mines)
 26367 | Orc:3    | Found an iron altar of Okawaru.
 26372 | Orc:3    | Found Wumey's Food Boutique.
 26389 | Orc:3    | Found Weyt's Jewellery Emporium.
 26636 | Orc:3    | Found Zumazurch's Jewellery Emporium.
 26641 | Orc:3    | Found a shimmering altar of Xom.
 26651 | Orc:3    | Reached skill level 1 in Armour
 26715 | Orc:3    | Found a staircase to the Elven Halls.
 27082 | Orc:2    | Noticed Urug
 27302 | Orc:3    | Killed Urug
 27711 | Orc:4    | Entered Level 4 of the Orcish Mines
 27888 | Orc:4    | Found a roughly hewn altar of Beogh.
 28947 | Orc:4    | Reached XP level 15. HP: 80/92 MP: 20/24
 29361 | Orc:4    | Reached skill level 5 in Armour
 29405 | Orc:4    | Found Ankebos's Magic Scroll Shop.
 29405 | Orc:4    | Found Xyuschej's Magic Scroll Shop.
 29406 | Orc:4    | Found Wewkof's Gadget Shop.
 29406 | Orc:4    | Found Vyupp's Distillery.
 29413 | Orc:4    | Bought a scroll of silence for 127 gold pieces
 29413 | Orc:4    | Bought a scroll of noise for 17 gold pieces
 29420 | Orc:4    | Bought a scroll of blinking for 112 gold pieces
 29423 | Orc:4    | Bought a potion of haste for 140 gold pieces
 29423 | Orc:4    | Bought a potion of heal wounds for 70 gold pieces
 29423 | Orc:4    | Bought a potion of invisibility for 112 gold pieces
 29425 | Orc:4    | Bought a wand of hasting (4) for 720 gold pieces
 30915 | D:12     | Found a shadowy altar of Dithmenos.
 31525 | D:13     | Reached skill level 12 in Polearms
 31936 | D:13     | Reached skill level 13 in Polearms
 32022 | D:13     | Found a gate to the Vaults.
 32402 | D:14     | Noticed Snorg
 33323 | D:15     | Entered Level 15 of the Dungeon
 33356 | D:15     | Noticed Nessos
 33384 | D:15     | Killed Nessos
 33781 | D:15     | Reached XP level 16. HP: 97/97 MP: 25/25
 33796 | D:15     | Got a translucent demon trident
 33797 | D:15     | Identified the +9 demon trident "Qusaxt" {pain, rElec rF+ SInv} (You acquired it on level 15 of the Dungeon)
 34019 | Lair:5   | Learned a level 2 spell: Corpse Rot
 34257 | Orc:3    | Bought an uncursed ring of poison resistance for 280 gold pieces
 34508 | Spider:1 | Entered Level 1 of the Spider Nest
 34523 | Spider:1 | Reached skill level 1 in Necromancy
 35387 | Spider:1 | Reached skill level 5 in Necromancy
 36234 | Spider:2 | Gained mutation: You have a somewhat thin skeletal structure (Dex +2, Stealth). [potion of beneficial mutation]
 36639 | Spider:2 | Noticed Frances
 36852 | Spider:3 | Noticed Arachne
 37419 | Spider:3 | Reached skill level 5 in Stealth
 37712 | Spider:3 | Killed Arachne
 38385 | Spider:4 | Entered Level 4 of the Spider Nest
 39024 | Spider:4 | Reached skill level 10 in Necromancy
 39163 | Spider:4 | Reached skill level 14 in Polearms
 39500 | Spider:4 | Reached XP level 17. HP: 102/102 MP: 26/26
 40652 | Spider:4 | Got a gossamer rune of Zot
 40702 | Spider:4 | Upgraded the game from 0.17-a0-1447-g3d113ad to 0.17-a0-1450-g7e755d1
 40888 | Shoals:1 | Entered Level 1 of the Shoals
 41212 | Shoals:1 | Found Xusaneu's Magic Scroll Boutique.
 42660 | Shoals:1 | Bought a scroll of identify for 28 gold pieces
 42660 | Shoals:1 | Bought a scroll of identify for 28 gold pieces
 42942 | Shoals:4 | Entered Level 4 of the Shoals
 42962 | Shoals:4 | Noticed Oddysee's ghost (mighty DDFi)
 43024 | Shoals:3 | Learned a level 6 spell: Haste
 43352 | Vaults:1 | Entered Level 1 of the Vaults
 43382 | Vaults:1 | Reached skill level 1 in Charms
 43813 | Vaults:1 | HP: 3/106 [vault warden/war axe of electrocution (27)]
 43826 | Vaults:1 | Mangled by a vault warden

Inventory:

Hand weapons
 a - the +9 demon trident "Qusaxt" (weapon) {pain, rElec rF+ SInv}
   (You acquired it on level 15 of the Dungeon)

   In the hands of one skilled in necromantic magic, it inflicts extra damage on
   living creatures.
   It protects you from fire.
   It insulates you from electricity.
   It lets you see invisible.
 b - a +0 blowgun
 t - the +10 lance "Wyrmbane" {slay drac, +Rage rPois rF+ AC+5}
   (You found it in a labyrinth)

   It affects your AC (+5).
   It protects you from fire.
   It protects you from poison.
   It lets you go berserk.
Missiles
 n - 75 poisoned needles
 I - 11 javelins (quivered)
 L - 4 throwing nets
 M - 3 curare-tipped needles
Armour
 d - a +2 robe of resistance (worn)
 w - the +2 pair of gloves "Nemn" (worn) {Int+2}
   (You found it on level 6 of the Dungeon)

   It affects your intelligence (+2).
 T - the +0 cloak "Xidionunuc" (worn) {Int+4}
   (You bought it in a shop on level 1 of the Orcish Mines)

   It affects your intelligence (+4).
 V - a +2 hat (worn)
Jewellery
 c - a ring of protection from cold (right hand)
 e - an uncursed amulet of resist corrosion
 f - an uncursed ring of protection from fire
 p - a ring of poison resistance (left hand)
 s - the ring of Xehym {+/*Tele MP+9}
   (You found it on level 8 of the Lair of Beasts)

   [ring of teleportation]

   It may teleport you to nearby monsters, and can be evoked to randomly
   teleport.
   It affects your magic capacity (+9).
 B - an amulet of regeneration (around neck)
Magical devices
 x - a wand of fire (8)
 y - a wand of confusion (16)
 C - a wand of fireball (3)
 H - a wand of fire (7)
 J - a wand of digging (7)
 W - a wand of hasting (4)
Scrolls
 k - a scroll of silence
 o - 17 scrolls of teleportation
 q - a scroll of magic mapping
 r - 3 scrolls of fear
 u - 9 scrolls of remove curse
 z - a scroll of fog
 D - 7 scrolls of recharging
 F - 5 scrolls of blinking
 S - a scroll of summoning
Potions
 g - a potion of resistance
 h - 14 potions of curing
 m - 3 potions of heal wounds
 v - 4 potions of might
 N - 5 potions of cancellation
 P - 4 potions of agility
 U - 2 potions of invisibility
Books
 A - a book of Fire

   Spells                             Type                      Level
   a - Ignite Poison                  Fire/Transmutation/Poison    3
   b - Fireball                       Conjuration/Fire             5
   c - Bolt of Fire                   Conjuration/Fire             6
   d - Delayed Fireball               Conjuration/Fire             7
   e - Ring of Flames                 Charms/Fire                  7
 Q - a book of Enchantments

   Spells                             Type                      Level
   a - Cause Fear                     Hexes                        4
   b - Silence                        Hexes/Air                    5
   c - Deflect Missiles               Charms/Air                   6
   d - Haste                          Charms                       6
   e - Discord                        Hexes                        8
Miscellaneous
 i - a phial of floods
 K - a lantern of shadows
 O - a phantom mirror
 R - a lamp of fire
Comestibles
 j - 10 meat rations
 l - 10 bread rations
 E - 3 chunks of flesh


   Skills:
 - Level 12.0 Fighting
 - Level 14.6 Polearms
 - Level 6.0 Armour
 - Level 13.0 Dodging
 - Level 5.0 Stealth
 - Level 4.0 Spellcasting
 - Level 9.0 Conjurations
 + Level 4.1 Charms
 - Level 10.0 Necromancy
 - Level 9.0 Fire Magic
 - Level 11.8 Invocations
 - Level 11.8 Evocations


You had 3 spell levels left.
You knew the following spells:

 Your Spells              Type           Power        Failure   Level  Hunger
a - Flame Tongue          Conj/Fire      #####        1%          1    None
b - Conjure Flame         Conj/Fire      ######..     1%          3    ##.....
c - Sticky Flame          Conj/Fire      ######..     1%          4    ####...
d - Fireball              Conj/Fire      ######....   8%          5    #####..
e - Corpse Rot            Necr           N/A          1%          2    None
H - Haste                 Chrm           ####....     99%         6    #######


Dungeon Overview and Level Annotations

Branches:
Dungeon (15/15)            Temple (1/1) D:6            Lair (8/8) D:10
 Shoals (4/4) Lair:3       Spider (4/4) Lair:6        Slime (0/6) Lair:8
    Orc (4/4) D:9             Elf (0/3) Orc:3        Vaults (1/5) D:13
 Depths: D:15

Altars:
Ashenzari
Cheibriados
Dithmenos
Elyvilon
Fedhas
Gozag
Kikubaaqudgha
Makhleb
Nemelex Xobeh
Okawaru
Qazlal
Ru
Sif Muna
Trog
Vehumet
Xom
Yredelemnul
Zin
The Shining One
Beogh
Jiyva

Shops:
Orc:1 [%[[   Orc:2 =   Orc:3 =%=   Orc:4 ?!}?   Shoals:1 ?

Annotations:
D:5 magipi's ghost, weakling TeFE
D:7 Ajdolov's ghost, experienced TrMo
D:8 5 exclusions
D:14 Snorg
Shoals:4 Oddysee's ghost, mighty DDFi
Spider:2 Frances


Innate Abilities, Weirdness & Mutations

You have a beak for a mouth.
You have claws for feet.
You can fly continuously.
You have a somewhat thin skeletal structure (Dex +2, Stealth).

Vault maps used:
D:1:      dpeg_arrival_tiny_c, solitary_fountain
D:2:      bloody_makhleb, grunt_temple_overflow_open, first_bread
D:3:      uniq_iyjb
D:4:      kennysheep_mini_moat, grunt_gozag_breadcrumbs
D:6:      lemuel_temple_firewalk_marked, basic_altar,
          nicolae_qazlal_eye_of_the_storm
D:7:      temple_fountains, uniq_menkaure
D:8:      led_sif_pool
D:9:      lemuel_crystal_altar, orc_0_dummy, enter_bailey_2
D:10:     dpeg_oklobed_lair
D:11:     david_nohive_1
D:12:     grunt_dithmenos_shadows
D:13:     erik_vaults_2
D:14:     minmay_misc_feat_ornament, uniq_snorg
D:15:     hangedman_depths_entry_civil_slaughter, hangedman_decor_points,
          uniq_nessos
Temple:   eino_temple_water_12
Lair:1:   portal_ice_cave_entry_imps
Lair:3:   minmay_shoals_entry_hut, lab_entry_generic, roderic_carrion_pond
Lair:4:   serial_bayou, serial_bayou_pond_b, serial_bayou_ford_a,
          serial_bayou_pond_a, serial_bayou_pond_a
Lair:6:   nicolae_swamp_entry_splash_gauntlet, spider_nest_entry_rubble,
          minmay_holes, serial_bayou_shore_a
Lair:7:   uniq_josephine
Lair:8:   grunt_lair_end_beastmaster, slime_altar_1, special_room,
          grunt_megastairs_3
Shoals:1: nicolae_shoals_circle_sea_wall, nicolae_shoals_c_island
Shoals:4: shoals_end_simple, shoal_ilsuiw, uniq_kirke
Spider:2: uniq_frances
Spider:3: uniq_arachne
Spider:4: grunt_spider_rune_circles
Orc:1:    serial_shops, nicolae_shop_temple_entry_statues_fountains, shop,
          nicolae_shop_crystal, nicolae_shop_temple_entry_statues_fountains
Orc:2:    serial_shops, shop_fountains, uniq_urug
Orc:3:    serial_shops, shop_fountains, nicolae_shop_trees, shop, basic_altar,
          nicolae_orc_pool_cavern, okawaru_metal_pillars_3
Orc:4:    st_orc_pillars, basic_altar
Vaults:1: v_misc_32, nicolae_vaults_three_branches, v_misc_5,
          hangedman_vaults_cutoff, v_alt_pattern_1, ontoclasm_vaults_misaligned,
          serial_shops, nicolae_shop_stone
Lab:      labyrinth_hidden_loot, nicolae_lab_very_dead_end, lab_fountain,
          lab_block, nicolae_lab_arrow, nicolae_lab_lava, nicolae_lab_t_cross
IceCv:    ice_cave_caverns_03


Message History

The human skeleton hits you with a morningstar!
* * * LOW HITPOINT WARNING * * *
The vault warden hits you with a war axe of electrocution!!
* * * LOW HITPOINT WARNING * * *
Drink which item? (? for menu, Esc to quit)
You feel much better.
The vault warden burns!
The human zombie completely misses you. The vault warden misses you.
Unknown command.
Press: ? - help, v - describe, . - travel
Here: a human zombie The floor.
There are monsters nearby!
Unknown command.
Unknown command.
Unknown command.
Unknown command.
Unknown command.
A vault guard comes into view. It is wielding a great mace.
The vault warden burns!
The human skeleton misses you. The human zombie barely misses you.
The eye of draining gazes at you.
You feel your power leaking away. The human zombie closely misses you.
The runic seals fade away.
The vault warden burns!
The vault warden activates a sealing rune. x2
There is a sealed passage leading up here.
Unknown command.
Casting: Sticky Flame
Confirm with . or Enter, or press ? or * to list all spells.
You don't have enough magic to cast that spell.
Unknown command.
Drink which item? (? for menu, Esc to quit)
Magic courses through your body.
The vault warden burns!
The vault sentinel blows a loud note on a signal horn!
You hear an angry hiss.
Unknown command.
The vault warden burns!
The vault warden activates a sealing rune.
The ironheart preserver mumbles some strange words.
The ironheart preserver begins to accept its allies' injuries.
The vault warden burns!
Casting: Sticky Flame
Confirm with . or Enter, or press ? or * to list all spells.
Aiming: Sticky Flame
Press: ? - help, Shift-Dir - straight line, f - human skeleton, p - human zombie
Aim: a human skeleton, wielding a morningstar and wearing a leather armour (sheltered from injuries)
The sticky flame hits the human skeleton.
The human skeleton is covered in liquid flames!
The human skeleton burns!
The vault warden burns!
The vault sentinel blows a loud note on a signal horn!
The human zombie completely misses you.
Unknown command.
Unknown command.
Casting: Sticky Flame
Confirm with . or Enter, or press ? or * to list all spells.
Aiming: Sticky Flame
Press: ? - help, Shift-Dir - straight line, f - human zombie, p - human skeleton
Aim: a human zombie (sheltered from injuries)
The sticky flame hits the human zombie.
The human zombie is covered in liquid flames!
The human zombie burns!
The human skeleton burns!
The vault warden burns!
The human skeleton hits you but does no damage.
The human zombie hits you with a war axe.
* * * LOW HITPOINT WARNING * * *
The vault guard moves out of view.
A vault guard comes into view. It is wielding a dire flail.
Read which item? (? for menu, Esc to quit)
As you read the scroll of teleportation, it crumbles to dust.
You feel strangely unstable.
The human zombie burns!
The human skeleton burns!
The vault warden burns!
The human zombie completely misses you.
The human skeleton completely misses you.
A two-headed ogre comes into view.
It is wielding a giant club and a dire flail.
The human zombie burns!
The human skeleton burns!
The vault warden burns!
The vault sentinel blows a loud note on a signal horn!
The vault warden hits you with a war axe of electrocution.
* * * LOW HITPOINT WARNING * * *
The vault warden burns!
The vault warden stops burning.
A hill giant comes into view. It is wielding a giant club.
You hit the vault warden but do no damage.
The vault warden writhes in agony.
Your kick misses the vault warden.
The vault warden is almost dead.
The human zombie burns!
The human zombie stops burning.
The human skeleton burns!
Unknown command.
Casting: Sticky Flame
Confirm with . or Enter, or press ? or * to list all spells.
Aiming: Sticky Flame
Press: ? - help, Shift-Dir - straight line, f - vault warden, p - human zombie
Aim: a vault warden, wielding a war axe of electrocution and wearing a chain mail (almost dead)
The sticky flame hits the vault warden.
The vault warden appears unharmed.
The vault warden is almost dead.
The vault warden is covered in liquid flames!
You are near starving!
The human skeleton burns!
The vault warden burns!
The necromancer gestures at you while chanting.
The bolt of fire hits the human skeleton.
The bolt of fire hits you! You resist.
* * * LOW HITPOINT WARNING * * *
The vault warden hits you with a war axe of electrocution!!
You die...

##+#########+########+######
............................
............................
............................
........###########.........
######..#..@ZZ....#......p..
#..#..pZ.....#....O....
#..#...ppp...#....p....
#..#.>....<..#.........
#..#......p..#.........
#..#.......p.#.........
#..########)##.........
#....c.....CC..........
.#########..........ZpO.........


You could see an ironheart preserver, a vault warden (burning), 3 vault guards,
a hill giant, a cyclops, a necromancer (invisible), a human zombie, a human
zombie and a human skeleton (burning).

Vanquished Creatures
  Arachne (Spider:3)
  A vault warden (Vaults:1)
  3 ghost moths (Spider:4)
  10 emperor scorpions
  2 ironheart preservers (Vaults:1)
  Nessos (D:15)
  9 vault guards
  A fire dragon (Lair:8)
  A minotaur (Lab)
  Josephine (Lair:7)
  2 merfolk impalers
  A yaktaur captain (Vaults:1)
  2 centaur warriors
  8 hydras
  An ogre mage (Vaults:1)
  A catoblepas (Lair:8)
  A deep troll shaman (Lair:8)
  4 orc high priests (Orc:4)
  12 death yaks
  Urug (Orc:3)
  A deep elf knight (D:15)
  3 unseen horrors
  4 deep trolls (Vaults:1)
  5 sea snakes
  4 hill giants
  A lindwurm (Lair:8)
  18 orb spiders
  A cyclops (Shoals:1)
  2 fauns (Shoals:1)
  16 wolf spiders
  3 ugly things
  An orc sorcerer (Orc:3)
  8 harpies (Shoals:2)
  2 manticores (Lair:8)
  7 griffons
  2 hornets
  3 orc knights (Orc:4)
  3 sirens
  A moth of wrath (Spider:3)
  4 water nymphs
  3 centaur zombies
  A vault sentinel (Vaults:1)
  A gargoyle (D:11)
  5 black mambas
  13 elephants
  14 spiny frogs
  A rust devil (Shoals:3)
  12 demonic crawlers
  A kobold demonologist (D:12)
  3 komodo dragons
  A red devil (Shoals:3)
  25 jumping spiders
  A queen bee (D:11)
  2 minotaur zombies (Lab)
  3 trolls
  3 polar bears
  6 fire drakes
  A two-headed ogre (Vaults:1)
  11 blink frogs
  6 merfolk
  A wind drake (Shoals:1)
  3 boulder beetles
  2 snapping turtles
  3 wyverns (Lair:8)
  5 wraiths
  A water elemental (Shoals:2)
  30 redbacks
  6 shadows
  16 trapdoor spiders
  35 yaks
  12 tarantellas
  A deep elf mage (D:12)
  2 mottled dragons
  22 wolves
  14 hippogriffs
  18 vampire mosquitoes
  3 basilisks
  Menkaure (D:7)
  4 hungry ghosts
  9 water moccasins
  2 wargs (Orc:1)
  5 swamp worms (Lair:6)
  7 porcupines
  7 sky beasts
  24 spiders
  A soldier ant (D:13)
  36 orc warriors
  5 black bears
  3 ice beasts
  A hell hound (Lair:8)
  10 ogres
  2 phantoms
  2 eyes of draining
  5 necrophages
  16 crocodiles
  2 wasps
  20 centaurs
  22 giant frogs
  5 big kobolds
  A wyvern zombie (D:8)
  17 killer bees (D:11)
  2 scorpions
  4 wights (D:8)
  An orc simulacrum (Vaults:1)
  A spriggan skeleton (Lab)
  A troll skeleton (Lab)
  4 crimson imps
  3 electric eels
  8 jellies
  2 hounds
  Ijyb (D:3)
  38 orc priests
  22 orc wizards
  5 centaur skeletons
  A giant frog skeleton (D:5)
  9 iguanas
  8 worker ants
  2 killer bee zombies
  13 sheep
  2 hound zombies
  An ogre skeleton (Lab)
  2 hound skeletons
  A worker ant zombie (D:10)
  13 adders
  10 gnolls
  7 shadow imps
  105 river rats
  12 white imps (Lair:1)
  7 worms
  6 giant geckos
  192 orcs
  18 bats
  4 giant cockroaches
  22 goblins
  23 hobgoblins
  12 jackals
  29 kobolds
  A ball python (D:4)
  7 giant newts
  3 quokkas
  A quokka zombie (D:9)
  15 rats
  A fungus (Lair:5)
  A plant (D:10)
1266 creatures vanquished.

Vanquished Creatures (collateral kills)
  An orc high priest (Orc:4)
  A faun (Shoals:1)
  4 orc knights (Orc:4)
  A merfolk (Shoals:1)
  A water elemental (Shoals:1)
  4 orc warriors (Orc:4)
  An orc priest (Orc:4)
  2 orcs (Orc:4)
  A tentacle (Shoals:1)
16 creatures vanquished.

Vanquished Creatures (others)
  A demonic crawler (Spider:2)
  A trapdoor spider (Spider:4)
  A redback (Spider:2)
  An orc priest (Orc:2)
  A worker ant zombie (D:6)
  15 fungi
  9 plants
  11 tentacles (Shoals:1)
  264 tentacle segments (Shoals:1)
304 creatures vanquished.

Grand Total: 1586 creatures vanquished

Action                   |  1- 3 |  4- 6 |  7- 9 | 10-12 | 13-15 | 16-18 || total
-------------------------+-------+-------+-------+-------+-------+-------++-------
Melee: Whip              |     9 |     7 |       |       |       |       ||    16
       Spear             |       |     1 |    62 |       |       |       ||    63
       Flail             |       |       |    48 |    87 |       |       ||   135
       Trident           |       |       |    25 |   437 |       |       ||   462
       Lance             |       |       |       |   352 |  2043 |       ||  2395
       Demon trident     |       |       |       |       |       |   883 ||   883
 Fire: Blowgun           |       |       |       |       |       |   145 ||   145
Throw: Tomahawk          |       |       |       |     2 |       |       ||     2
 Cast: Flame Tongue      |    72 |   121 |   163 |   105 |     7 |       ||   468
       Sticky Flame      |       |     1 |    26 |    80 |   113 |   130 ||   350
       Conjure Flame     |       |     1 |     8 |    16 |    22 |     4 ||    51
       Fireball          |       |       |       |       |     4 |     1 ||     5
Invok: Lesser Servant of |       |       |       |       |     1 |       ||     1
       Greater Servant o |       |       |       |       |     1 |     2 ||     3
 Abil: Fly               |       |       |       |     1 |     4 |       ||     5
Evoke: Wand              |       |       |       |     6 |     5 |     9 ||    20
  Use: Scroll            |       |     9 |     5 |    15 |     7 |    12 ||    48
       Potion            |       |     1 |       |     2 |     2 |     6 ||    11
 Stab: Sleeping          |       |       |     1 |    10 |     7 |    28 ||    46
       Invisible         |       |       |       |     3 |       |       ||     3
       Distracted        |       |       |       |     1 |     7 |     9 ||    17
  Eat: Chunk             |     4 |     8 |    17 |    29 |    65 |    16 ||   139
       Bread ration      |       |     1 |       |     4 |       |     3 ||     8
       Meat ration       |       |       |     2 |     1 |     1 |     3 ||     7
       Pizza             |       |       |       |     3 |     2 |     1 ||     6
       Beef jerky        |       |       |       |     1 |       |       ||     1
       Royal jelly       |       |       |       |       |     1 |     6 ||     7

Action                   |  1- 3 |  4- 6 |  7- 9 | 10-12 | 13-15 | 16-18 || total
-------------------------+-------+-------+-------+-------+-------+-------++-------
Melee: Whip              |     9 |     7 |       |       |       |       ||    16
       Spear             |       |     1 |    62 |       |       |       ||    63
       Flail             |       |       |    48 |    87 |       |       ||   135
       Trident           |       |       |    25 |   437 |       |       ||   462
       Lance             |       |       |       |   352 |  2043 |       ||  2395
       Demon trident     |       |       |       |       |       |   883 ||   883
 Fire: Blowgun           |       |       |       |       |       |   145 ||   145
Throw: Tomahawk          |       |       |       |     2 |       |       ||     2
 Cast: Flame Tongue      |    72 |   121 |   163 |   105 |     7 |       ||   468
       Sticky Flame      |       |     1 |    26 |    80 |   113 |   130 ||   350
       Conjure Flame     |       |     1 |     8 |    16 |    22 |     4 ||    51
       Fireball          |       |       |       |       |     4 |     1 ||     5
Invok: Lesser Servant of |       |       |       |       |     1 |       ||     1
       Greater Servant o |       |       |       |       |     1 |     2 ||     3
 Abil: Fly               |       |       |       |     1 |     4 |       ||     5
Evoke: Wand              |       |       |       |     6 |     5 |     9 ||    20
  Use: Scroll            |       |     9 |     5 |    15 |     7 |    12 ||    48
       Potion            |       |     1 |       |     2 |     2 |     6 ||    11
 Stab: Sleeping          |       |       |     1 |    10 |     7 |    28 ||    46
       Invisible         |       |       |       |     3 |       |       ||     3
       Distracted        |       |       |       |     1 |     7 |     9 ||    17
  Eat: Chunk             |     4 |     8 |    17 |    29 |    65 |    16 ||   139
       Bread ration      |       |     1 |       |     4 |       |     3 ||     8
       Meat ration       |       |       |     2 |     1 |     1 |     3 ||     7
       Pizza             |       |       |       |     3 |     2 |     1 ||     6
       Beef jerky        |       |       |       |     1 |       |       ||     1
       Royal jelly       |       |       |       |       |     1 |     6 ||     7
